 Dungeon Crawl Stone Soup version 0.17-a0-1567-gdd419b1 (webtiles) character file.

24133 xiwik the Cleaver (level 13, -3/109 HPs)
             Began as a Formicid Fighter on July 22, 2015.
             Was an Initiate of Gozag.
             Killed by divine providence
             ... invoked by an orc priest
              (15 damage)
             ... on level 3 of the Orcish Mines.
             The game lasted 00:17:26 (15665 turns).

xiwik the Cleaver (Formicid Fighter)               Turns: 15665, Time: 00:17:27

Health: -3/109     AC: 25    Str: 25    XL:     13   Next: 40%
Magic:  13/13      EV:  7    Int:  9    God:    Gozag
Gold:   1195       SH: 12    Dex: 13    Spells: 5 memorised, 1 level left

rFire  . . .     SeeInvis +     q - +3 hand axe (venom)
rCold  . . .     Clarity  .     B - +3 plate armour
rNeg   . . .     SustAt   .     c - +0 shield
rPois  .         Gourm    .     (helmet unavailable)
rElec  .         Spirit   .     w - +0 cloak
rCorr  .         Warding  .     d - +0 pair of gloves (curse)
rMut   .         Stasis   +     R - +1 pair of boots
MR     +....                    (no amulet)
Stlth  ..........               A - +3 ring of dexterity
                                M - ring of loudness (curse)

@: somewhat resistant to hostile enchantments, extremely unstealthy
A: permanent stasis, dig shafts and tunnels, four strong arms, antennae 3,
shaggy fur 1
a: Dig, Shaft Self, Potion Petition, Call Merchant, Bribe Branch, Renounce
Religion


You were on level 3 of the Orcish Mines.
You worshipped Gozag.
Gozag was noncommittal.
You were not hungry.

You visited 3 branches of the dungeon, and saw 17 of its levels.

You collected 3952 gold pieces.
You spent 144 gold pieces at shops.
You paid 2613 gold pieces to Gozag.

Inventory:

Hand weapons
 h - a +0 battleaxe
 q - a +3 hand axe of venom (weapon)
 r - a +2 dire flail of crushing
 E - a +2 war axe of holy wrath
 K - a +2 hand axe of freezing
 Q - a +0 broad axe
Armour
 c - a +0 shield (worn)
 d - a cursed +0 pair of gloves (worn)
 w - a +0 cloak (worn)
 B - a +3 plate armour (worn)
 R - a +1 pair of boots (worn)
Jewellery
 a - an uncursed ring of protection from cold
 t - an uncursed ring of positive energy
 v - an uncursed ring of positive energy
 A - a +3 ring of dexterity (right hand)
 D - an uncursed ring of magical power
 I - an uncursed ring of protection from cold
 J - an uncursed ring of magical power
 M - a cursed ring of loudness (left hand)
Magical devices
 y - a wand of flame (7)
 L - a wand of lightning (5)
 P - a wand of lightning (10)
 S - a wand of disintegration (6)
 T - a wand of polymorph (9)
 U - a wand of digging (20)
Scrolls
 b - a scroll of enchant weapon
 g - 6 scrolls of remove curse
 k - 7 scrolls of identify
 o - 4 scrolls of immolation
 p - 3 scrolls of fear
 C - a scroll of fog
 O - 2 scrolls of amnesia
Potions
 f - 2 potions of agility
 i - 6 potions of curing
 j - 2 potions of berserk rage {unknown}
 x - 3 potions of lignification
Comestibles
 e - 10 bread rations
 z - 5 meat rations


   Skills:
 + Level 12.3 Fighting
 + Level 13.1 Axes
 + Level 12.3 Armour
 - Level 9.5 Shields


You had one spell level left.
You knew the following spells:

 Your Spells              Type           Power        Failure   Level  Hunger
a - Animate Skeleton      Necr           N/A          100%        1    ##.....
b - Regeneration          Chrm/Necr      #.........   100%        3    ####...
c - Song of Slaying       Chrm           #.......     100%        2    ###....
d - Spectral Weapon       Hex/Chrm       #.......     100%        3    ####...
e - Shroud of Golubria    Chrm/Tloc      #.........   100%        2    ###....


Dungeon Overview and Level Annotations

Branches:
Dungeon (13/15)            Temple (1/1) D:4            Lair (0/8) D:11
    Orc (3/4) D:12            Elf (0/3) Orc:3
 Vaults: D:13-14

Altars:
Ashenzari
Cheibriados
Dithmenos
Elyvilon
Fedhas
Gozag
Kikubaaqudgha
Makhleb
Nemelex Xobeh
Okawaru
Qazlal
Ru
Sif Muna
Trog
Vehumet
Xom
Yredelemnul
Zin
The Shining One
Beogh

Shops:
D:7 %   D:10 [   D:12 [   D:13 *   D:14 (   Vaults:3 [


Innate Abilities, Weirdness & Mutations

You are under a permanent stasis effect.
You can dig through walls and to a lower floor.
Your four strong arms can wield two-handed weapons with a shield.
You have a pair of large antennae on your head (SInv).
You are covered in fur (AC +1).


Message History

Unknown command.
The orc shouts!
The orc priest hits you but does no damage.
You block the orc's attack.
The orc priest calls down the wrath of Beogh upon you.
Something smites you!
* * * LOW HITPOINT WARNING * * *
You take 12 damage, and have 12/109 hp.
You are too injured to fight recklessly!
You are too injured to fight recklessly!
You are too injured to fight recklessly!
You closely miss the orc priest. You hit the orc.
The orc is poisoned.
You completely miss the orc priest. You hit the orc but do no damage.
The orc priest calls upon Beogh to heal the orc.
The orc is healed somewhat.
You block the orc's attack.
You slash the orc priest!
The orc priest is poisoned.
You hit the orc.
The orc priest mumbles some strange prayers to Beogh against you.
Something smites you!
You die...
Your body crumbles into a pile of gold.

#....###.# ##....#.##
#.......## #........# ##
#####.......###.## #
##..#.........#...#.#
##.....$.............
####.#$$).....oo.....##..
##.#...$().....@o.........
##........$...#.#..........
#.#....)))..##.##..........
.......#().......#...>.....
#.#.#..)).(..........>....#
######.#...(..........#....
####....<...<....#....
##....<...........#
##......)...#..###


You could see an orc priest and 2 orcs.

Vanquished Creatures
  Maud (Orc:3)
  Harold (D:10)
  2 centaur warriors (D:13)
  Erolcha (D:10)
  Erica (D:8)
  Urug (Orc:2)
  Sonja (D:10)
  2 unseen horrors
  3 hill giants
  The ghost of xiwik the Fighter, an experienced DsFi of Gozag (D:7)
  A hornet (shapeshifter) (D:10)
  A harpy (shapeshifter) (D:13)
  A manticore (D:12)
  An ugly thing (D:13)
  A cyclops (D:11)
  2 centaur skeletons
  2 trolls
  A merfolk (D:10)
  Grinder (D:5)
  7 slime creatures
  A trapdoor spider zombie (D:12)
  A yak (D:12)
  A wyvern (D:10)
  3 deep elf magi
  A shadow (D:12)
  3 hungry ghosts
  3 hippogriffs
  A warg (Orc:1)
  3 ice beasts
  A wasp (D:8)
  12 orc warriors
  3 black bears
  14 ogres
  3 sky beasts
  2 phantoms
  2 crocodiles
  The ghost of Illaniel the Charmwright, an average HESk (D:4)
  10 centaurs
  6 giant frogs
  A wyvern zombie (D:8)
  2 big kobolds
  6 scorpions
  3 wights (D:10)
  8 killer bees
  The ghost of Illaniel the Charmwright, a weakling HESk (D:3)
  8 crimson imps
  7 hounds
  3 giant frog zombies
  19 orc wizards
  14 orc priests
  A quasit (D:9)
  2 jellies
  6 iguanas
  11 worker ants
  2 worker ant zombies
  6 gnolls
  16 adders
  4 shadow imps
  4 oozes
  2 adder skeletons (D:8)
  6 worms (D:2)
  5 giant geckos
  131 orcs
  16 bats
  6 bat skeletons
  17 hobgoblins
  6 jackals
  4 ball pythons
  9 giant cockroaches
  4 giant newts
  18 goblins
  A jackal skeleton (D:6)
  24 kobolds
  12 rats
488 creatures vanquished.

Vanquished Creatures (others)
  An ogre mage (Orc:2)
1 creature vanquished.

Grand Total: 489 creatures vanquished

Notes
Turn   | Place    | Note
--------------------------------------------------------------
     0 | D:1      | xiwik the Formicid Fighter began the quest for the Orb.
     0 | D:1      | Reached XP level 1. HP: 18/18 MP: 1/1
   165 | D:1      | Reached skill level 4 in Shields
   165 | D:1      | Reached XP level 2. HP: 24/24 MP: 2/2
   718 | D:2      | Reached XP level 3. HP: 24/29 MP: 3/3
  1181 | D:2      | Reached XP level 4. HP: 35/35 MP: 4/4
  1203 | D:2      | Reached skill level 5 in Shields
  1680 | D:3      | Reached XP level 5. HP: 36/41 MP: 5/5
  1863 | D:3      | Noticed Illaniel's ghost (weakling HESk)
  1873 | D:3      | Killed Illaniel's ghost
  2624 | D:4      | Reached XP level 6. HP: 35/47 MP: 6/6
  2636 | D:4      | Reached skill level 6 in Shields
  2965 | D:4      | Found an ancient bone altar of Kikubaaqudgha.
  2967 | D:4      | Found a radiant altar of Vehumet.
  2967 | D:4      | Found a deep blue altar of Sif Muna.
  2972 | D:4      | Identified Kikubaaqudgha's Compendium of Sinister Rites
  2979 | D:4      | Identified Vehumet's Grimoire of Conjuration
  2988 | D:4      | Identified Sif Muna's Papyrus of Beguiling
  3039 | D:4      | Noticed Illaniel's ghost (average HESk)
  3052 | D:4      | Killed Illaniel's ghost
  3194 | D:3      | Learned a level 1 spell: Animate Skeleton
  3199 | D:4      | Reached skill level 5 in Axes
  3297 | D:4      | Found a staircase to the Ecumenical Temple.
  3325 | D:4      | Reached XP level 7. HP: 52/52 MP: 7/7
  3347 | Temple   | Entered the Ecumenical Temple
  3544 | D:4      | Reached skill level 7 in Shields
  3670 | D:5      | Entered Level 5 of the Dungeon
  3761 | D:5      | Found a glowing golden altar of the Shining One.
  4159 | D:5      | Reached XP level 8. HP: 54/58 MP: 8/8
  4291 | D:5      | Reached skill level 8 in Shields
  4746 | D:5      | Noticed Grinder
  4771 | D:5      | Killed Grinder
  4771 | D:5      | Reached skill level 9 in Shields
  5305 | D:6      | Reached XP level 9. HP: 44/64 MP: 9/9
  5604 | D:6      | Found an opulent altar of Gozag.
  5612 | D:6      | Became a worshipper of Gozag Ym Sagoz the Greedy
  5629 | D:6      | Found a shattered altar of Ashenzari.
  6127 | D:7      | Reached skill level 5 in Armour
  6382 | D:7      | Reached skill level 5 in Fighting
  6718 | D:7      | Found Mafel's Food Shoppe.
  6775 | D:7      | Noticed xiwik's ghost (experienced DsFi)
  6816 | D:7      | Killed xiwik's ghost
  6816 | D:7      | Reached XP level 10. HP: 45/77 MP: 10/10
  7263 | D:8      | Noticed Erica
  7278 | D:8      | Killed Erica
  7973 | D:8      | Found a glowing golden altar of the Shining One.
  7994 | D:8      | Reached skill level 10 in Axes
  8117 | D:8      | Found a deep blue altar of Sif Muna.
  8342 | D:8      | Gained mutation: You are covered in fur (AC +1). [potion of beneficial mutation]
  8526 | D:9      | Found a stormy altar of Qazlal.
  8590 | D:9      | Found an iron altar of Okawaru.
  8920 | D:9      | Reached XP level 11. HP: 72/86 MP: 11/11
  8977 | D:9      | Got a distressingly furry scale mail
  9000 | D:9      | Identified the +1 scale mail of Cifot {rPois} (You found it on level 9 of the Dungeon)
  9034 | D:10     | Entered Level 10 of the Dungeon
  9034 | D:10     | Found Qaxziy's Armour Shoppe.
  9364 | D:10     | Noticed Sonja
  9374 | D:10     | Killed Sonja
  9644 | D:10     | Noticed Erolcha
  9655 | D:10     | Killed Erolcha
  9912 | D:10     | Noticed an unseen horror
  9929 | D:10     | Killed an unseen horror
  9929 | D:10     | Reached skill level 11 in Axes
 10056 | D:10     | Learned a level 3 spell: Regeneration
 10059 | D:10     | Learned a level 2 spell: Song of Slaying
 10231 | D:10     | Noticed a fire crab
 10236 | D:10     | Noticed a hornet
 10236 | D:10     | a fire crab changed into a hornet
 10245 | D:10     | Killed a hornet
 10489 | D:10     | Noticed Harold
 10513 | D:10     | Killed Harold
 10804 | D:11     | Noticed an unseen horror
 10826 | D:11     | Reached skill level 10 in Fighting
 10827 | D:11     | Killed an unseen horror
 10827 | D:11     | Reached skill level 10 in Armour
 10827 | D:11     | Reached XP level 12. HP: 86/97 MP: 12/12
 10987 | D:11     | Noticed a hill giant
 11002 | D:11     | Killed a hill giant
 11351 | D:11     | Noticed a cyclops
 11359 | D:11     | Killed a cyclops
 11494 | D:11     | Found a staircase to the Lair.
 11718 | D:12     | Found a staircase to the Orcish Mines.
 12188 | D:12     | Found Zymn's Antique Armour Shoppe.
 12198 | D:12     | Bought a pair of runed boots for 144 gold pieces
 12272 | D:12     | Reached skill level 12 in Axes
 12868 | D:12     | Learned a level 3 spell: Spectral Weapon
 12871 | D:12     | Learned a level 2 spell: Shroud of Golubria
 12902 | D:13     | Found Otar's Assorted Antiques.
 12930 | D:13     | Noticed a centaur warrior
 12932 | D:13     | Noticed a centaur warrior
 12944 | D:13     | Killed a centaur warrior
 12949 | D:13     | Killed a centaur warrior
 13154 | D:13     | Reached XP level 13. HP: 84/106 MP: 13/13
 13827 | Orc:1    | Entered Level 1 of the Orcish Mines
 13999 | Orc:1    | Found a roughly hewn altar of Beogh.
 14684 | Orc:2    | Noticed Urug
 14710 | Orc:2    | Killed Urug
 15203 | Orc:2    | Reached skill level 13 in Axes
 15489 | Orc:3    | Found a staircase to the Elven Halls.
 15605 | Orc:3    | Noticed Maud
 15644 | Orc:3    | Killed Maud
 15665 | Orc:3    | Killed from afar by an orc priest

Vault maps used:
D:1:      dpeg_arrival_windows_large_door
D:3:      grunt_decor_one_mirror
D:4:      grunt_temple_overflow_magic_moments, temple_doors_e, first_bread,
          grunt_ministairs_15
D:5:      wad_river_or_something, kennysheep_nub, tso_metal_star, uniq_grinder
D:6:      black_bear_nest_2, overflow_temple_1_default,
          cheibrodos_ashenzari_chains
D:7:      serial_shops, nicolae_shop_trees, minmay_misc_feat_square,
          amalloy_card_club
D:8:      kennysheep_mini_moat, lemuel_blue_sif_altar, uniq_erica
D:9:      nicolae_qazlal_style_of_elements, overflow_temple_1_default
D:10:     hangedman_fish_farm, grunt_ministairs_1, hangedman_decor_growths,
          uniq_harold, uniq_erolcha, uniq_sonja
D:11:     lair_0_dummy
D:12:     orc_0_dummy, serial_shops, nicolae_shop_crystal, kennysheep_kite_vault
D:13:     serial_shops, shop, nicolae_shop_waterfront, uniq_nessos, uniq_maurice
Temple:   circular_temple_12
Orc:1:    mines2_david
Orc:2:    uniq_urug
Orc:3:    basic_altar, nicolae_orc_pool_cavern, elf_legates, uniq_maud

Action                   |  1- 3 |  4- 6 |  7- 9 | 10-12 | 13-15 || total
-------------------------+-------+-------+-------+-------+-------++-------
Melee: War axe           |    40 |       |       |       |       ||    40
       Hand axe          |    56 |   145 |   438 |   727 |   321 ||  1687
Invok: Call Merchant     |       |       |       |     2 |     1 ||     3
 Abil: Dig               |       |       |       |       |     4 ||     4
Evoke: Wand              |       |       |       |     1 |       ||     1
  Use: Scroll            |     1 |     1 |       |    24 |       ||    26
       Potion            |       |     1 |       |    10 |     1 ||    12
 Stab: Distracted        |       |       |       |     2 |     4 ||     6
  Eat: Chunk             |     1 |     7 |     6 |       |       ||    14
       Fruit             |       |       |     4 |     2 |       ||     6
       Pizza             |       |       |     1 |     1 |       ||     2
       Royal jelly       |       |       |       |     3 |       ||     3
       Bread ration      |       |       |       |     3 |     1 ||     4
       Beef jerky        |       |       |       |     1 |       ||     1
       Meat ration       |       |       |       |       |     1 ||     1
